Bruins vs Coyotes
Created - January 27, 2018 at 22:45
Goals
|
Bruins |
2 |
2 |
1 |
5 |
Coyotes |
0 |
2 |
1 |
3 |
|
Shots
|
Bruins |
13 |
10 |
13 |
36 |
Coyotes |
4 |
16 |
10 |
30 |
|
1st period
1. Bruins , Henrik Sedin 21 (Shane O'Brien 12, Wojtek Wolski 30) at 0:08
2. Bruins , Nathan Horton 8 (Henrik Sedin 29, Wojtek Wolski 31) at 9:52 (PP)
Penalties :
Anton Stralman (Ari) for Slashing (Minor) at 8:48, Kristopher Letang (Ari) for Holding (Minor) at 12:13
2nd period
3. Bruins , Adam Pineault 7 (Kris Chucko 9, Jason Demers 15) at 5:49
4. Bruins , Alex Tanguay 8 (Marc Savard 25) at 8:51
5. Coyotes , Zach Parise 25 (Brad Richards 37, Marian Gaborik 39) at 11:25 (PP)
6. Coyotes , Martin Samuelsson 5 (Chris Neil 6, Michael Del Zotto 12) at 14:28
Penalties :
Viktor Stalberg (Bos) for Tripping (Minor) at 11:17
3rd period
7. Bruins , Viktor Stalberg 14 (Dave Bolland 15, Kris Chucko 10) at 15:17
8. Coyotes , Martin Samuelsson 6 (Brooks Laich 2, Matt Niskanen 4) at 18:29
Penalties :
Adam Pineault (Bos) for Hooking (Minor) at 4:09, Marian Gaborik (Ari) for Tripping (Minor) at 10:13
Goalie Stats
Kevin Poulin (Bos), 27 saves from 30 shots - (0.900), W, 14-11-4, 60:00 minutes
Ryan Miller (Ari), 31 saves from 36 shots - (0.861), L, 17-18-1, 60:00 minutes
Players Stats for Bruins
Player Name G A P +/- PIM S H SB GA TA FO MP PP MP PK MP
------------------------------------------------------------------------------------
Adam Pineault 1 0 1 -1 2 1 2 1 0 0 0/0 11:05 0:00 0:00
Alex Tanguay 1 0 1 1 0 3 1 0 0 1 0/3 13:54 0:00 0:48
Andrew Alberts 0 0 0 1 0 1 1 1 1 1 0/0 22:27 3:34 1:23
Cam Fowler 0 0 0 1 0 0 0 0 0 0 0/0 18:22 2:08 0:36
Dave Bolland 0 1 1 1 0 1 3 0 1 1 2/6 13:26 0:00 0:51
David Rundblad 0 0 0 -1 0 1 0 1 0 3 0/0 14:15 0:00 0:36
Henrik Sedin 1 1 2 1 0 2 2 1 0 1 22/34 20:47 3:15 1:16
Jason Demers 0 1 1 2 0 2 0 0 1 0 0/0 26:04 2:24 0:08
Kris Chucko 0 2 2 -1 0 1 0 0 1 0 0/0 11:04 0:00 0:00
Marc Savard 0 1 1 1 0 1 3 0 0 0 6/11 14:51 1:47 0:00
Mattias Tedenby 0 0 0 1 0 1 0 1 0 0 1/2 12:25 0:00 0:00
Mike Fisher 0 0 0 -1 0 5 2 1 0 0 3/6 11:04 0:00 0:00
Nate Prosser 0 0 0 -1 0 3 2 2 0 0 0/0 15:34 0:30 1:23
Nathan Horton 1 0 1 1 0 1 2 0 0 0 0/1 16:20 3:15 0:00
Shane O'Brien 0 1 1 2 0 0 1 1 0 0 0/0 23:18 1:28 0:08
Victor Oreskovich 0 0 0 1 0 1 2 0 0 1 0/0 17:54 1:47 0:00
Viktor Stalberg 1 0 1 1 2 6 1 0 0 0 0/0 14:11 1:47 0:00
Wojtek Wolski 0 2 2 1 0 6 1 1 1 1 0/0 20:50 3:15 1:19
Players Stats for Coyotes
Player Name G A P +/- PIM S H SB GA TA FO MP PP MP PK MP
------------------------------------------------------------------------------------
Anton Stralman 0 0 0 -1 2 1 4 2 2 0 0/0 24:11 1:45 1:39
Brad Richards 0 1 1 -1 0 1 0 1 1 0 18/33 19:07 1:18 1:33
Brooks Laich 0 1 1 1 0 3 0 0 0 0 1/3 9:48 0:22 0:42
Chris Neil 0 1 1 1 0 1 0 0 0 1 0/0 9:20 0:38 0:00
Chris Stewart 0 0 0 -2 0 1 0 0 0 0 1/1 16:36 0:00 0:00
Enver Lisin 0 0 0 0 0 3 3 0 1 0 0/0 11:28 0:11 0:00
Eric Brewer 0 0 0 -2 0 0 1 0 0 0 0/0 23:37 0:18 2:58
Greg Zanon 0 0 0 1 0 0 2 0 0 0 0/0 15:00 0:04 3:04
Kristopher Letang 0 0 0 -1 2 2 0 2 1 0 0/0 23:53 1:45 1:12
Marian Gaborik 0 1 1 -1 2 5 0 0 0 1 0/1 17:24 1:18 0:00
Mark Bell 0 0 0 0 0 0 1 0 0 0 0/0 12:35 0:38 0:42
Martin Samuelsson 2 0 2 1 0 6 0 1 0 1 0/0 11:42 0:11 2:47
Matt Niskanen 0 1 1 1 0 0 0 3 0 0 0/0 12:34 0:04 0:00
Maxim Talbot 0 0 0 0 0 0 0 0 0 0 4/15 14:29 0:27 2:47
Michael Del Zotto 0 1 1 -2 0 3 3 0 1 1 0/0 20:52 0:18 1:11
Nazem Kadri 0 0 0 -2 0 2 1 1 0 0 5/10 16:36 0:00 0:00
Tyler Ennis 0 0 0 -2 0 1 3 0 3 0 0/0 16:36 0:00 0:00
Zach Parise 1 0 1 -1 0 1 1 0 0 1 0/0 19:07 1:18 1:33
3 Stars
1 - Henrik Sedin (Bos)
2 - Martin Samuelsson (Ari)
3 - Nathan Horton (Bos)
Power Play
Bruins - 1 on 3 Attempt(s) - 33.33%
Coyotes - 1 on 2 Attempt(s) - 50.00%
Penalty Kill
Bruins - 1 on 2 Attempt(s) - 50.00%
- Score 0 goal in Penalty Kill
Coyotes - 2 on 3 Attempt(s) - 66.67%
- Score 0 goal in Penalty Kill
Team Stat
Bruins - Hits : 23 - Faceoff Wins : 34 - Blocked Shots : 10 - Penalty Minutes : 4
Coyotes - Hits : 19 - Faceoff Wins : 29 - Blocked Shots : 10 - Penalty Minutes : 6
Official
Referees : Charron Francis and Pollock Kevin
Linesman : Steve Miller and Mark Pare
Game Notes
No Game Note
Finance
Level 1 -- Attendance: 5634 (93.90%) -- Ticket Income $507,060
Level 2 -- Attendance: 4599 (91.98%) -- Ticket Income $243,747
Level 3 -- Attendance: 1948 (97.40%) -- Ticket Income $72,076
Level 4 -- Attendance: 4000 (100.00%) -- Ticket Income $104,000
Luxury Box -- Attendance: 901 (90.10%) -- Ticket Income $146,863
Game was played at the The Pack Center.
Total Attendance: 17082 (94.90%)
Total Ticket Income: $1,073,746
Other Income: $161,062
Total Income: $1,234,808
Bruins
5 vs 5 Forward
Center Left Wing Right Wing Time % Phy DF OF
1 Henrik Sedin Wojtek Wolski Victor Oreskovich 40 0 2 3
2 Marc Savard Alex Tanguay Nathan Horton 30 0 2 3
3 Dave Bolland Viktor Stalberg Mattias Tedenby 20 1 2 2
4 Mike Fisher Kris Chucko Adam Pineault 10 1 2 2
5 vs 5 Defense
Defense Defense Time % Phy DF OF
1 Jason Demers Shane O'Brien 40 0 2 3
2 Cam Fowler Andrew Alberts 30 1 2 2
3 David Rundblad Nate Prosser 20 1 2 2
4 Jason Demers Andrew Alberts 10 1 2 2
PowerPlay Forward
Center Left Wing Right Wing Time % Phy DF OF
1 Henrik Sedin Wojtek Wolski Nathan Horton 60 0 1 4
2 Marc Savard Viktor Stalberg Victor Oreskovich 40 0 1 4
PowerPlay Defense
Defense Defense Time % Phy DF OF
1 Jason Demers Andrew Alberts 60 0 2 3
2 Cam Fowler Shane O'Brien 40 0 2 3
Penalty Kill 4 Players Forward
Center Wing Time % Phy DF OF
1 Henrik Sedin Wojtek Wolski 60 0 4 1
2 Mike Fisher Dave Bolland 40 0 4 1
Penalty Kill 4 Players Defense
Defense Defense Time % Phy DF OF
1 Jason Demers Shane O'Brien 60 0 5 0
2 Nate Prosser Andrew Alberts 40 0 5 0
Penalty Kill - 3 Players Forward
Forward Time % Phy DF OF
1 Wojtek Wolski 60 0 4 1
2 Mike Fisher 40 0 4 1
Penalty Kill - 3 Players Defense
Defense Defense Time % Phy DF OF
1 Jason Demers Shane O'Brien 60 0 5 0
2 Nate Prosser Andrew Alberts 40 0 5 0
4 vs 4 Forward
Center Wing Time % Phy DF OF
1 Henrik Sedin Wojtek Wolski 60 0 2 3
2 Marc Savard Victor Oreskovich 40 0 2 3
4 vs 4 Defense
Defense Defense Time % Phy DF OF
1 Jason Demers Shane O'Brien 60 1 2 2
2 Nate Prosser Andrew Alberts 40 1 2 2
Last Minutes Offensive
Center Left Wing Right Wing Defense Defense
Henrik Sedin Wojtek Wolski Victor Oreskovich Jason Demers Andrew Alberts
Last Minutes Defensive
Center Left Wing Right Wing Defense Defense
Henrik Sedin Wojtek Wolski Victor Oreskovich Jason Demers Shane O'Brien
Goaltenders
Starting : Kevin Poulin
Backup : Craig Anderson
Extra Forwards
Normal : Viktor Stalberg, Dave Bolland, Adam Pineault - PP : Viktor Stalberg, Dave Bolland - PK : Adam Pineault
Extra Defensemen
Normal : Cam Fowler, Jason Demers, Andrew Alberts - PP : Nate Prosser - PK : Nate Prosser, Cam Fowler
Penalty Shots
Wojtek Wolski, Viktor Stalberg, Nathan Horton, Marc Savard, Henrik Sedin
Scratches
Kevin Bieksa (Groin Injury), Shane Doan (Healthy), Stefan Ruzicka (Healthy)
Coyotes
5 vs 5 Forward
Center Left Wing Right Wing Time % Phy DF OF
1 Brad Richards Zach Parise Marian Gaborik 40 0 2 3
2 Nazem Kadri Tyler Ennis Chris Stewart 30 0 2 3
3 Maxim Talbot Mark Bell Enver Lisin 20 1 2 2
4 Brooks Laich Martin Samuelsson Chris Neil 10 1 2 2
5 vs 5 Defense
Defense Defense Time % Phy DF OF
1 Kristopher Letang Anton Stralman 42 0 3 2
2 Eric Brewer Michael Del Zotto 34 0 3 2
3 Matt Niskanen Greg Zanon 24 0 3 2
4 Kristopher Letang Anton Stralman 0 1 2 2
PowerPlay Forward
Center Left Wing Right Wing Time % Phy DF OF
1 Brad Richards Zach Parise Marian Gaborik 60 0 1 4
2 Nazem Kadri Tyler Ennis Chris Stewart 40 0 1 4
PowerPlay Defense
Defense Defense Time % Phy DF OF
1 Kristopher Letang Anton Stralman 60 0 2 3
2 Eric Brewer Michael Del Zotto 40 0 2 3
Penalty Kill 4 Players Forward
Center Wing Time % Phy DF OF
1 Maxim Talbot Martin Samuelsson 60 1 3 1
2 Brad Richards Zach Parise 40 1 3 1
Penalty Kill 4 Players Defense
Defense Defense Time % Phy DF OF
1 Eric Brewer Greg Zanon 60 1 4 0
2 Anton Stralman Kristopher Letang 40 1 4 0
Penalty Kill - 3 Players Forward
Forward Time % Phy DF OF
1 Zach Parise 60 1 3 1
2 Marian Gaborik 40 1 3 1
Penalty Kill - 3 Players Defense
Defense Defense Time % Phy DF OF
1 Kristopher Letang Anton Stralman 60 1 4 0
2 Eric Brewer Greg Zanon 40 1 4 0
4 vs 4 Forward
Center Wing Time % Phy DF OF
1 Brad Richards Marian Gaborik 60 1 2 2
2 Nazem Kadri Tyler Ennis 40 1 2 2
4 vs 4 Defense
Defense Defense Time % Phy DF OF
1 Kristopher Letang Anton Stralman 60 1 2 2
2 Eric Brewer Michael Del Zotto 40 1 2 2
Last Minutes Offensive
Center Left Wing Right Wing Defense Defense
Brad Richards Zach Parise Marian Gaborik Kristopher Letang Anton Stralman
Last Minutes Defensive
Center Left Wing Right Wing Defense Defense
Brad Richards Zach Parise Marian Gaborik Kristopher Letang Anton Stralman
Goaltenders
Starting : Ryan Miller
Backup : Maxime Daigneault
Extra Forwards
Normal : Mark Bell, Maxim Talbot, Brooks Laich - PP : Mark Bell, Maxim Talbot - PK : Brooks Laich
Extra Defensemen
Normal : Michael Del Zotto, Matt Niskanen, Eric Brewer - PP : Matt Niskanen - PK : Michael Del Zotto, Eric Brewer
Penalty Shots
Zach Parise, Marian Gaborik, Tyler Ennis, Brad Richards, Nazem Kadri
Scratches
Josh Gorges (Sprained Right Knee Injury)
% Time on Ice - Bruins
Lines # - Real PCT - Wanted PCT - Time Play
Normal Forward
1 - 31% - 40% - 16:18
2 - 25% - 30% - 13:04
3 - 23% - 20% - 12:25
4 - 21% - 10% - 11:04
Normal Defense
1 - 40% - 40% - 21:07
2 - 29% - 30% - 15:07
3 - 26% - 20% - 13:39
4 - 6% - 10% - 2:58
PP Forward
1 - 65% - 60% - 3:15
2 - 35% - 40% - 1:47
PP Defense
1 - 58% - 60% - 2:54
2 - 42% - 40% - 2:08
PK Forward
1 - 100% - 60% - 2:07
2 - 0% - 40% - 0:00
PK Defense
1 - 6% - 60% - 0:08
2 - 94% - 40% - 1:59
PK3 Forward
1 - 0% - 60%
2 - 0% - 40%
PK3 Defense
1 - 0% - 60%
2 - 0% - 40%
44 Forward
1 - 0% - 60%
2 - 0% - 40%
44 Defense
1 - 0% - 60%
2 - 0% - 40%
Last Minute Offensive - 0:00
Last Minute Defensive - 0:00
Total
Forward - 60:00
Defense - 60:00
|
% Time on Ice - Coyotes
Lines # - Real PCT - Wanted PCT - Time Play
Normal Forward
1 - 30% - 40% - 15:59
2 - 32% - 30% - 16:55
3 - 21% - 20% - 11:15
4 - 16% - 10% - 8:42
Normal Defense
1 - 40% - 42% - 20:58
2 - 36% - 34% - 19:15
3 - 24% - 24% - 12:38
4 - 0% - 0% - 0:00
PP Forward
1 - 100% - 60% - 2:07
2 - 0% - 40% - 0:00
PP Defense
1 - 83% - 60% - 1:45
2 - 17% - 40% - 0:22
PK Forward
1 - 69% - 60% - 3:29
2 - 31% - 40% - 1:33
PK Defense
1 - 55% - 60% - 2:46
2 - 45% - 40% - 2:16
PK3 Forward
1 - 0% - 60%
2 - 0% - 40%
PK3 Defense
1 - 0% - 60%
2 - 0% - 40%
44 Forward
1 - 0% - 60%
2 - 0% - 40%
44 Defense
1 - 0% - 60%
2 - 0% - 40%
Last Minute Offensive - 0:00
Last Minute Defensive - 0:00
Total
Forward - 60:00
Defense - 60:00
|
Play by Play
1st period
0:01 of 1st period - Henrik Sedin wins face-off versus Brad Richards in neutral zone.
0:06 of 1st period - Wrist shot by Henrik Sedin.
0:06 of 1st period - Shot Misses the Net.
0:08 of 1st period - Slapshot by Shane O'Brien.
0:08 of 1st period - Deflect By Henrik Sedin.
0:08 of 1st period - Goal by Henrik Sedin - Bruins : 1 - Coyotes : 0.
0:09 of 1st period - Nazem Kadri wins face-off versus Nathan Horton in neutral zone.
0:14 of 1st period - Snap shot by Tyler Ennis.
0:14 of 1st period - Shot Misses the Net.
0:20 of 1st period - Slapshot by Alex Tanguay.
0:20 of 1st period - Stopped by Ryan Miller with a rebound.
0:34 of 1st period - Chris Stewart is hit by Victor Oreskovich and loses puck.
0:51 of 1st period - Victor Oreskovich is hit by Nazem Kadri and loses puck.
0:56 of 1st period - Wrist shot by Tyler Ennis.
0:56 of 1st period - Shot Misses the Net.
0:58 of 1st period - Slapshot by Nazem Kadri.
0:58 of 1st period - Stopped by Kevin Poulin with a rebound.
1:25 of 1st period - Tyler Ennis is hit by Henrik Sedin and loses puck.
1:37 of 1st period - Icing by David Rundblad.
1:38 of 1st period - Brad Richards wins face-off versus Henrik Sedin in Bruins zone.
2:46 of 1st period - Slapshot by Marian Gaborik.
2:46 of 1st period - Stopped by Kevin Poulin without a rebound.
2:47 of 1st period - Brad Richards wins face-off versus Mike Fisher in Bruins zone.
2:54 of 1st period - Snap shot by Kris Chucko.
2:54 of 1st period - Stopped by Ryan Miller with a rebound.
2:56 of 1st period - Backhand shot by Andrew Alberts.
2:56 of 1st period - Stopped by Ryan Miller with a rebound.
4:31 of 1st period - Eric Brewer is hit by Wojtek Wolski.
5:03 of 1st period - Snap shot by Marc Savard.
5:03 of 1st period - Stopped by Ryan Miller without a rebound.
5:04 of 1st period - Henrik Sedin wins face-off versus Maxim Talbot in Coyotes zone.
5:29 of 1st period - Victor Oreskovich is hit by Tyler Ennis and loses puck.
6:03 of 1st period - Snap shot by Henrik Sedin.
6:03 of 1st period - Shot Blocked by Anton Stralman.
7:38 of 1st period - Wrist shot by Enver Lisin.
7:38 of 1st period - Stopped by Kevin Poulin with a rebound.
7:45 of 1st period - Icing by Viktor Stalberg.
7:46 of 1st period - Brad Richards wins face-off versus Dave Bolland in Bruins zone.
8:01 of 1st period - Snap shot by Marian Gaborik.
8:01 of 1st period - Stopped by Kevin Poulin without a rebound.
8:02 of 1st period - Brad Richards wins face-off versus Marc Savard in Bruins zone.
8:13 of 1st period - Snap shot by Zach Parise.
8:13 of 1st period - Shot Misses the Net.
8:48 of 1st period - Minor Penalty to Anton Stralman for Slashing.
8:49 of 1st period - Henrik Sedin wins face-off versus Maxim Talbot in Coyotes zone.
8:52 of 1st period - Snap shot by Henrik Sedin.
8:52 of 1st period - Stopped by Ryan Miller without a rebound.
8:53 of 1st period - Henrik Sedin wins face-off versus Maxim Talbot in Coyotes zone.
9:52 of 1st period - Snap shot by Nathan Horton.
9:52 of 1st period - Goal by Nathan Horton - Bruins : 2 - Coyotes : 0.
9:53 of 1st period - Dave Bolland wins face-off versus Brad Richards in neutral zone.
10:07 of 1st period - Wrist shot by Brad Richards.
10:07 of 1st period - Shot Blocked by Nate Prosser.
10:09 of 1st period - Snap shot by Zach Parise.
10:09 of 1st period - Shot Blocked by Mattias Tedenby.
10:24 of 1st period - Adam Pineault is hit by Mark Bell.
11:32 of 1st period - Nate Prosser is hit by Greg Zanon and loses puck.
11:43 of 1st period - Mark Bell is hit by Nate Prosser and loses puck.
11:48 of 1st period - Snap shot by Mike Fisher.
11:48 of 1st period - Stopped by Ryan Miller without a rebound.
11:49 of 1st period - Mike Fisher wins face-off versus Nazem Kadri in Coyotes zone.
11:49 of 1st period - Jason Demers is hit by Anton Stralman and loses puck.
12:13 of 1st period - Minor Penalty to Kristopher Letang for Holding.
12:14 of 1st period - Henrik Sedin wins face-off versus Maxim Talbot in Coyotes zone.
12:30 of 1st period - Wrist shot by Henrik Sedin.
12:30 of 1st period - Shot Misses the Net.
13:47 of 1st period - Marc Savard is hit by Greg Zanon and loses puck.
14:13 of 1st period - Penalty to Kristopher Letang is over, Kristopher Letang is back on ice.
14:29 of 1st period - Shane O'Brien is hit by Anton Stralman.
16:50 of 1st period - Icing by Brad Richards.
16:51 of 1st period - Brad Richards wins face-off versus Dave Bolland in Coyotes zone.
16:55 of 1st period - Off-side.
16:56 of 1st period - Brooks Laich wins face-off versus Mattias Tedenby in neutral zone.
17:09 of 1st period - Snap shot by Mattias Tedenby.
17:09 of 1st period - Shot Misses the Net.
17:11 of 1st period - Slapshot by Jason Demers.
17:11 of 1st period - Stopped by Ryan Miller with a rebound.
17:40 of 1st period - Snap shot by Dave Bolland.
17:40 of 1st period - Stopped by Ryan Miller with a rebound.
17:42 of 1st period - Slapshot by Jason Demers.
17:42 of 1st period - Deflect By Martin Samuelsson.
17:42 of 1st period - Stopped by Ryan Miller with a rebound.
17:44 of 1st period - Slapshot by Jason Demers.
17:44 of 1st period - Shot Misses the Net.
17:46 of 1st period - Slapshot by Jason Demers.
17:46 of 1st period - Deflect By Mattias Tedenby.
17:46 of 1st period - Shot Misses the Net.
17:46 of 1st period - Puck is out of play.
17:47 of 1st period - Brad Richards wins face-off versus Henrik Sedin in Coyotes zone.
18:12 of 1st period - Nathan Horton is hit by Eric Brewer and loses puck.
18:37 of 1st period - Snap shot by Mike Fisher.
18:37 of 1st period - Stopped by Ryan Miller with a rebound.
19:48 of 1st period - Snap shot by Mike Fisher.
19:48 of 1st period - Stopped by Ryan Miller without a rebound.
19:49 of 1st period - Mike Fisher wins face-off versus Marian Gaborik in Coyotes zone.
Goals for this period are 2 for Bruins vs 0 for Coyotes.
Shots for this period are 13 for Bruins vs 4 for Coyotes.
2nd period
0:01 of 2nd period - Brad Richards wins face-off versus Henrik Sedin in neutral zone.
0:30 of 2nd period - Eric Brewer is hit by Nathan Horton and loses puck.
0:52 of 2nd period - Slapshot by Michael Del Zotto.
0:52 of 2nd period - Shot Misses the Net.
1:16 of 2nd period - Snap shot by Mike Fisher.
1:16 of 2nd period - Stopped by Ryan Miller without a rebound.
1:17 of 2nd period - Brad Richards wins face-off versus Mike Fisher in Coyotes zone.
1:30 of 2nd period - Snap shot by Mike Fisher.
1:30 of 2nd period - Shot Hit the Post.
1:32 of 2nd period - Slapshot by Mike Fisher.
1:32 of 2nd period - Shot Misses the Net.
1:34 of 2nd period - Snap shot by Nate Prosser.
1:34 of 2nd period - Stopped by Ryan Miller without a rebound.
1:35 of 2nd period - Nazem Kadri wins face-off versus Henrik Sedin in Coyotes zone.
1:44 of 2nd period - Snap shot by Kristopher Letang.
1:44 of 2nd period - Stopped by Kevin Poulin without a rebound.
1:45 of 2nd period - Henrik Sedin wins face-off versus Nazem Kadri in Bruins zone.
2:10 of 2nd period - Snap shot by Tyler Ennis.
2:10 of 2nd period - Shot Blocked by Henrik Sedin.
2:12 of 2nd period - Snap shot by Chris Stewart.
2:12 of 2nd period - Stopped by Kevin Poulin with a rebound.
2:33 of 2nd period - Off-side.
2:34 of 2nd period - Brad Richards wins face-off versus Marc Savard in neutral zone.
2:45 of 2nd period - Eric Brewer is hit by Nathan Horton and loses puck.
3:00 of 2nd period - Maxim Talbot is hit by Dave Bolland and loses puck.
4:09 of 2nd period - Wrist shot by Chris Stewart.
4:09 of 2nd period - Deflect By Tyler Ennis.
4:09 of 2nd period - Stopped by Kevin Poulin with a rebound.
4:12 of 2nd period - Icing by Shane O'Brien.
4:13 of 2nd period - Henrik Sedin wins face-off versus Brad Richards in Bruins zone.
4:25 of 2nd period - Off-side.
4:26 of 2nd period - Brad Richards wins face-off versus Alex Tanguay in neutral zone.
4:33 of 2nd period - Snap shot by Brad Richards.
4:33 of 2nd period - Stopped by Kevin Poulin without a rebound.
4:34 of 2nd period - Brad Richards wins face-off versus Alex Tanguay in Bruins zone.
5:49 of 2nd period - Wrist shot by Adam Pineault.
5:49 of 2nd period - Deflect By Michael Del Zotto.
5:49 of 2nd period - Goal by Adam Pineault - Bruins : 3 - Coyotes : 0.
5:50 of 2nd period - Henrik Sedin wins face-off versus Brad Richards in neutral zone.
6:01 of 2nd period - Snap shot by Marian Gaborik.
6:01 of 2nd period - Stopped by Kevin Poulin with a rebound.
6:03 of 2nd period - Backhand shot by Brad Richards.
6:03 of 2nd period - Deflect By Marian Gaborik.
6:03 of 2nd period - Stopped by Kevin Poulin with a rebound.
6:05 of 2nd period - Snap shot by Marian Gaborik.
6:05 of 2nd period - Deflect By Brad Richards.
6:05 of 2nd period - Shot Hit the Post.
6:05 of 2nd period - Puck is out of play.
6:06 of 2nd period - Nazem Kadri wins face-off versus Marc Savard in Bruins zone.
6:33 of 2nd period - Marian Gaborik is hit by Shane O'Brien and loses puck.
6:45 of 2nd period - Marian Gaborik is hit by Henrik Sedin and loses puck.
7:00 of 2nd period - Wrist shot by Dave Bolland.
7:00 of 2nd period - Shot Misses the Net.
7:06 of 2nd period - Snap shot by Viktor Stalberg.
7:06 of 2nd period - Stopped by Ryan Miller with a rebound.
7:17 of 2nd period - Dave Bolland is hit by Anton Stralman and loses puck.
7:28 of 2nd period - Snap shot by Nazem Kadri.
7:28 of 2nd period - Shot Misses the Net.
7:43 of 2nd period - Jason Demers is hit by Tyler Ennis and loses puck.
8:49 of 2nd period - Icing by Tyler Ennis.
8:50 of 2nd period - Marc Savard wins face-off versus Nazem Kadri in Coyotes zone.
8:51 of 2nd period - Wrist shot by Alex Tanguay.
8:51 of 2nd period - Goal by Alex Tanguay - Bruins : 4 - Coyotes : 0.
8:52 of 2nd period - Henrik Sedin wins face-off versus Brad Richards in neutral zone.
9:18 of 2nd period - Kristopher Letang is hit by Marc Savard and loses puck.
9:33 of 2nd period - Marc Savard is hit by Michael Del Zotto and loses puck.
9:55 of 2nd period - Slapshot by Michael Del Zotto.
9:55 of 2nd period - Shot Misses the Net.
10:34 of 2nd period - Wrist shot by Marian Gaborik.
10:34 of 2nd period - Stopped by Kevin Poulin without a rebound.
10:35 of 2nd period - Henrik Sedin wins face-off versus Maxim Talbot in Bruins zone.
11:00 of 2nd period - Kristopher Letang is hit by Dave Bolland and loses puck.
11:17 of 2nd period - Minor Penalty to Viktor Stalberg for Tripping.
11:18 of 2nd period - Brad Richards wins face-off versus Henrik Sedin in Bruins zone.
11:23 of 2nd period - Snap shot by Zach Parise.
11:23 of 2nd period - Shot Misses the Net.
11:25 of 2nd period - Slapshot by Zach Parise.
11:25 of 2nd period - Goal by Zach Parise - Bruins : 4 - Coyotes : 1.
11:26 of 2nd period - Henrik Sedin wins face-off versus Brad Richards in neutral zone.
11:52 of 2nd period - Marian Gaborik is hit by Viktor Stalberg and loses puck.
12:01 of 2nd period - Snap shot by Mattias Tedenby.
12:01 of 2nd period - Shot Blocked by Kristopher Letang.
12:03 of 2nd period - Wrist shot by Cam Fowler.
12:03 of 2nd period - Shot Blocked by Anton Stralman.
12:05 of 2nd period - Wrist shot by Mattias Tedenby.
12:05 of 2nd period - Shot Blocked by Kristopher Letang.
12:56 of 2nd period - Wrist shot by Enver Lisin.
12:56 of 2nd period - Stopped by Kevin Poulin with a rebound.
12:58 of 2nd period - Snap shot by Martin Samuelsson.
12:58 of 2nd period - Stopped by Kevin Poulin with a rebound.
13:00 of 2nd period - Slapshot by Anton Stralman.
13:00 of 2nd period - Shot Blocked by David Rundblad.
13:02 of 2nd period - Wrist shot by Martin Samuelsson.
13:02 of 2nd period - Stopped by Kevin Poulin without a rebound.
13:03 of 2nd period - Henrik Sedin wins face-off versus Brooks Laich in Bruins zone.
13:14 of 2nd period - Snap shot by Martin Samuelsson.
13:14 of 2nd period - Stopped by Kevin Poulin with a rebound.
13:16 of 2nd period - Wrist shot by Brooks Laich.
13:16 of 2nd period - Stopped by Kevin Poulin without a rebound.
13:17 of 2nd period - Brad Richards wins face-off versus Henrik Sedin in Bruins zone.
13:52 of 2nd period - Slapshot by Nathan Horton.
13:52 of 2nd period - Shot Misses the Net.
14:28 of 2nd period - Backhand shot by Martin Samuelsson.
14:28 of 2nd period - Goal by Martin Samuelsson - Bruins : 4 - Coyotes : 2.
14:29 of 2nd period - Henrik Sedin wins face-off versus Brad Richards in neutral zone.
14:32 of 2nd period - Wrist shot by Victor Oreskovich.
14:32 of 2nd period - Stopped by Ryan Miller without a rebound.
14:33 of 2nd period - Henrik Sedin wins face-off versus Brad Richards in Coyotes zone.
14:40 of 2nd period - Snap shot by Kristopher Letang.
14:40 of 2nd period - Shot Misses the Net.
14:42 of 2nd period - Slapshot by Kristopher Letang.
14:42 of 2nd period - Stopped by Kevin Poulin without a rebound.
14:43 of 2nd period - Brad Richards wins face-off versus Henrik Sedin in Bruins zone.
15:00 of 2nd period - Snap shot by Marian Gaborik.
15:00 of 2nd period - Shot Misses the Net.
15:10 of 2nd period - Anton Stralman is hit by Andrew Alberts and loses puck.
15:38 of 2nd period - Andrew Alberts is hit by Michael Del Zotto and loses puck.
15:53 of 2nd period - Snap shot by Kris Chucko.
15:53 of 2nd period - Shot Blocked by Matt Niskanen.
16:14 of 2nd period - Wrist shot by Marc Savard.
16:14 of 2nd period - Deflect By Nathan Horton.
16:14 of 2nd period - Shot Blocked by Matt Niskanen.
16:14 of 2nd period - Puck is out of play.
16:15 of 2nd period - Brad Richards wins face-off versus Marc Savard in Coyotes zone.
16:15 of 2nd period - Brad Richards is hit by Nate Prosser.
16:41 of 2nd period - Wojtek Wolski is hit by Tyler Ennis and loses puck.
16:48 of 2nd period - Slapshot by Nate Prosser.
16:48 of 2nd period - Stopped by Ryan Miller with a rebound.
16:50 of 2nd period - Slapshot by Victor Oreskovich.
16:50 of 2nd period - Shot Blocked by Nazem Kadri.
17:00 of 2nd period - Anton Stralman is hit by Adam Pineault and loses puck.
17:22 of 2nd period - Mattias Tedenby is hit by Enver Lisin and loses puck.
17:45 of 2nd period - Slapshot by Nate Prosser.
17:45 of 2nd period - Stopped by Ryan Miller without a rebound.
17:46 of 2nd period - Marc Savard wins face-off versus Brad Richards in Coyotes zone.
18:15 of 2nd period - Snap shot by Zach Parise.
18:15 of 2nd period - Shot Hit the Post.
18:54 of 2nd period - Eric Brewer is hit by Mike Fisher and loses puck.
19:17 of 2nd period - Snap shot by Chris Neil.
19:17 of 2nd period - Stopped by Kevin Poulin with a rebound.
19:41 of 2nd period - Wrist shot by Wojtek Wolski.
19:41 of 2nd period - Stopped by Ryan Miller with a rebound.
19:43 of 2nd period - Slapshot by Wojtek Wolski.
19:43 of 2nd period - Stopped by Ryan Miller with a rebound.
19:50 of 2nd period - Icing by Nazem Kadri.
19:51 of 2nd period - Nazem Kadri wins face-off versus Marc Savard in Coyotes zone.
Goals for this period are 2 for Bruins vs 2 for Coyotes.
Shots for this period are 10 for Bruins vs 16 for Coyotes.
3rd period
0:01 of 3rd period - Henrik Sedin wins face-off versus Brad Richards in neutral zone.
0:06 of 3rd period - Slapshot by Jason Demers.
0:06 of 3rd period - Shot Blocked by Brad Richards.
0:26 of 3rd period - Anton Stralman is hit by Marc Savard and loses puck.
0:32 of 3rd period - Off-side.
0:33 of 3rd period - Marc Savard wins face-off versus Brad Richards in neutral zone.
0:42 of 3rd period - Wrist shot by Marc Savard.
0:42 of 3rd period - Shot Misses the Net.
0:58 of 3rd period - Michael Del Zotto is hit by Victor Oreskovich and loses puck.
2:12 of 3rd period - Slapshot by Nazem Kadri.
2:12 of 3rd period - Shot Blocked by Mike Fisher.
2:29 of 3rd period - Chris Stewart is hit by Adam Pineault and loses puck.
2:42 of 3rd period - Wrist shot by Tyler Ennis.
2:42 of 3rd period - Shot Misses the Net.
2:44 of 3rd period - Slapshot by Michael Del Zotto.
2:44 of 3rd period - Shot Blocked by Shane O'Brien.
2:50 of 3rd period - Snap shot by Tyler Ennis.
2:50 of 3rd period - Shot Misses the Net.
2:52 of 3rd period - Wrist shot by Michael Del Zotto.
2:52 of 3rd period - Stopped by Kevin Poulin with a rebound.
2:54 of 3rd period - Slapshot by Michael Del Zotto.
2:54 of 3rd period - Stopped by Kevin Poulin with a rebound.
3:06 of 3rd period - Snap shot by Chris Stewart.
3:06 of 3rd period - Shot Misses the Net.
3:44 of 3rd period - Snap shot by Nazem Kadri.
3:44 of 3rd period - Shot Misses the Net.
3:46 of 3rd period - Wrist shot by Michael Del Zotto.
3:46 of 3rd period - Shot Blocked by Adam Pineault.
3:48 of 3rd period - Wrist shot by Michael Del Zotto.
3:48 of 3rd period - Shot Misses the Net.
4:09 of 3rd period - Minor Penalty to Adam Pineault for Hooking.
4:10 of 3rd period - Brad Richards wins face-off versus Henrik Sedin in Bruins zone.
4:22 of 3rd period - Snap shot by Brad Richards.
4:22 of 3rd period - Shot Blocked by Nate Prosser.
4:24 of 3rd period - Slapshot by Kristopher Letang.
4:24 of 3rd period - Shot Blocked by Andrew Alberts.
4:39 of 3rd period - Icing by Anton Stralman.
4:40 of 3rd period - Henrik Sedin wins face-off versus Brad Richards in Coyotes zone.
6:03 of 3rd period - Nate Prosser is hit by Enver Lisin and loses puck.
6:08 of 3rd period - Wrist shot by Martin Samuelsson.
6:08 of 3rd period - Stopped by Kevin Poulin with a rebound.
6:09 of 3rd period - Penalty to Adam Pineault is over, Adam Pineault is back on ice.
6:10 of 3rd period - Snap shot by Enver Lisin.
6:10 of 3rd period - Deflect By Martin Samuelsson.
6:10 of 3rd period - Shot Misses the Net.
6:10 of 3rd period - Puck is out of play.
6:11 of 3rd period - Marc Savard wins face-off versus Maxim Talbot in Bruins zone.
6:16 of 3rd period - Mark Bell is hit by Alex Tanguay and loses puck.
6:47 of 3rd period - Cam Fowler is hit by Michael Del Zotto and loses puck.
8:33 of 3rd period - Martin Samuelsson is hit by Dave Bolland and loses puck.
8:48 of 3rd period - Marc Savard is hit by Enver Lisin and loses puck.
9:23 of 3rd period - Slapshot by Jason Demers.
9:23 of 3rd period - Shot Blocked by Matt Niskanen.
9:49 of 3rd period - Snap shot by Viktor Stalberg.
9:49 of 3rd period - Stopped by Ryan Miller with a rebound.
9:51 of 3rd period - Slapshot by Jason Demers.
9:51 of 3rd period - Shot Misses the Net.
9:53 of 3rd period - Snap shot by Viktor Stalberg.
9:53 of 3rd period - Stopped by Ryan Miller with a rebound.
10:13 of 3rd period - Minor Penalty to Marian Gaborik for Tripping.
10:14 of 3rd period - Henrik Sedin wins face-off versus Maxim Talbot in Coyotes zone.
10:49 of 3rd period - Slapshot by Viktor Stalberg.
10:49 of 3rd period - Stopped by Ryan Miller with a rebound.
10:51 of 3rd period - Snap shot by Victor Oreskovich.
10:51 of 3rd period - Shot Blocked by Martin Samuelsson.
11:23 of 3rd period - Off-side.
11:24 of 3rd period - Henrik Sedin wins face-off versus Brooks Laich in neutral zone.
12:05 of 3rd period - Andrew Alberts is hit by Zach Parise and loses puck.
12:13 of 3rd period - Penalty to Marian Gaborik is over, Marian Gaborik is back on ice.
12:20 of 3rd period - Snap shot by Mike Fisher.
12:20 of 3rd period - Stopped by Ryan Miller with a rebound.
12:22 of 3rd period - Slapshot by David Rundblad.
12:22 of 3rd period - Stopped by Ryan Miller without a rebound.
12:23 of 3rd period - Nazem Kadri wins face-off versus Mike Fisher in Coyotes zone.
12:23 of 3rd period - Nazem Kadri is hit by Mike Fisher.
13:19 of 3rd period - Slapshot by Wojtek Wolski.
13:19 of 3rd period - Stopped by Ryan Miller without a rebound.
13:20 of 3rd period - Henrik Sedin wins face-off versus Maxim Talbot in Coyotes zone.
13:21 of 3rd period - Slapshot by Wojtek Wolski.
13:21 of 3rd period - Stopped by Ryan Miller without a rebound.
13:22 of 3rd period - Maxim Talbot wins face-off versus Henrik Sedin in Coyotes zone.
13:33 of 3rd period - Snap shot by Enver Lisin.
13:33 of 3rd period - Shot Blocked by Wojtek Wolski.
13:35 of 3rd period - Slapshot by Michael Del Zotto.
13:35 of 3rd period - Stopped by Kevin Poulin without a rebound.
13:36 of 3rd period - Brad Richards wins face-off versus Henrik Sedin in Bruins zone.
13:37 of 3rd period - Wrist shot by Marian Gaborik.
13:37 of 3rd period - Shot Misses the Net.
14:30 of 3rd period - Snap shot by Brooks Laich.
14:30 of 3rd period - Stopped by Kevin Poulin with a rebound.
15:01 of 3rd period - Icing by Eric Brewer.
15:02 of 3rd period - Mike Fisher wins face-off versus Nazem Kadri in Coyotes zone.
15:15 of 3rd period - Slapshot by Viktor Stalberg.
15:15 of 3rd period - Stopped by Ryan Miller with a rebound.
15:17 of 3rd period - Slapshot by Viktor Stalberg.
15:17 of 3rd period - Goal by Viktor Stalberg - Bruins : 5 - Coyotes : 2.
15:18 of 3rd period - Brad Richards wins face-off versus Henrik Sedin in neutral zone.
15:43 of 3rd period - Kristopher Letang is hit by Marc Savard and loses puck.
16:10 of 3rd period - Slapshot by Nazem Kadri.
16:10 of 3rd period - Shot Misses the Net.
16:12 of 3rd period - Slapshot by Nazem Kadri.
16:12 of 3rd period - Stopped by Kevin Poulin without a rebound.
16:13 of 3rd period - Chris Stewart wins face-off versus Henrik Sedin in Bruins zone.
16:14 of 3rd period - Slapshot by Nazem Kadri.
16:14 of 3rd period - Shot Misses the Net.
16:37 of 3rd period - Icing by Brad Richards.
16:38 of 3rd period - Marc Savard wins face-off versus Brad Richards in Coyotes zone.
16:52 of 3rd period - Icing by Marian Gaborik.
16:53 of 3rd period - Henrik Sedin wins face-off versus Brad Richards in Coyotes zone.
17:42 of 3rd period - Wrist shot by Tyler Ennis.
17:42 of 3rd period - Shot Misses the Net.
18:27 of 3rd period - Snap shot by Brooks Laich.
18:27 of 3rd period - Stopped by Kevin Poulin with a rebound.
18:29 of 3rd period - Snap shot by Martin Samuelsson.
18:29 of 3rd period - Goal by Martin Samuelsson - Bruins : 5 - Coyotes : 3.
18:30 of 3rd period - Maxim Talbot wins face-off versus Dave Bolland in neutral zone.
18:33 of 3rd period - Slapshot by Anton Stralman.
18:33 of 3rd period - Deflect By Mattias Tedenby.
18:33 of 3rd period - Stopped by Kevin Poulin without a rebound.
18:34 of 3rd period - Mattias Tedenby wins face-off versus Maxim Talbot in Bruins zone.
19:05 of 3rd period - Slapshot by Mattias Tedenby.
19:05 of 3rd period - Stopped by Ryan Miller without a rebound.
19:06 of 3rd period - Henrik Sedin wins face-off versus Brad Richards in Coyotes zone.
19:11 of 3rd period - Wrist shot by Wojtek Wolski.
19:11 of 3rd period - Stopped by Ryan Miller without a rebound.
19:12 of 3rd period - Henrik Sedin wins face-off versus Maxim Talbot in Coyotes zone.
19:23 of 3rd period - Backhand shot by Wojtek Wolski.
19:23 of 3rd period - Deflect By Enver Lisin.
19:23 of 3rd period - Stopped by Ryan Miller without a rebound.
19:24 of 3rd period - Maxim Talbot wins face-off versus Dave Bolland in Coyotes zone.
19:28 of 3rd period - Off-side.
19:29 of 3rd period - Dave Bolland wins face-off versus Maxim Talbot in neutral zone.
19:33 of 3rd period - Jason Demers is hit by Anton Stralman and loses puck.
19:43 of 3rd period - Wrist shot by Enver Lisin.
19:43 of 3rd period - Stopped by Kevin Poulin without a rebound.
19:44 of 3rd period - Marc Savard wins face-off versus Nazem Kadri in Bruins zone.
19:58 of 3rd period - Wrist shot by Nathan Horton.
19:58 of 3rd period - Deflect By Alex Tanguay.
19:58 of 3rd period - Stopped by Ryan Miller without a rebound.
19:59 of 3rd period - Maxim Talbot wins face-off versus Alex Tanguay in Coyotes zone.
Goals for this period are 1 for Bruins vs 1 for Coyotes.
Shots for this period are 13 for Bruins vs 10 for Coyotes.
Back to the Top